 Dungeon Crawl Stone Soup version 0.30-a0-830-gfe289a77b0 (webtiles) character file.

Game seed: 7621695701298170393

4 Nacht the Digger (level 1, 0/13 HPs)
             Began as a Demonspawn Earth Elementalist on Mar 1, 2023.
             Slain by a gnoll
             ... wielding a +0 club
              (5 damage)
             ... on level 1 of the Dungeon.
             The game lasted 00:00:17 (99 turns).

Nacht the Digger (Demonspawn Earth Elementalist)      Turns: 99, Time: 00:00:18

Health: 0/13       AC:  3    Str:  8    XL:     1   Next: 50%
Magic:  0/3        EV: 12    Int: 16    God:
Gold:   0          SH:  0    Dex: 13    Spells: 3/4 levels left

rFire   . . .      SeeInvis .    e - +0 short sword
rCold   . . .      Faith    .    (no shield)
rNeg    . . .      Spirit   .    a - +0 robe
rPois   .          Reflect  .    (no helmet)
rElec   .          Harm     .    c - +0 cloak
rCorr   .          Rampage  .    (no gloves)
Will    .....                    (no boots)
Stlth   ++                       (no amulet)
HPRegen 0.22/turn                (no ring)
MPRegen 0.08/turn                (no ring)

@: no status effects
A: no striking features
a: no special abilities


You were on level 1 of the Dungeon.
You visited 1 branch of the dungeon, and saw 1 of its levels.

Inventory:

Hand Weapons
 e - a +0 short sword (weapon)
Armour
 a - a +0 robe (worn)
 c - a +0 cloak (worn)
Potions
 d - 2 potions of brilliance {unknown}


   Skills:
 - Level 1.7 Dodging
 - Level 1.7 Stealth
 - Level 2.0 Spellcasting
 - Level 0.8 Transmutations
 + Level 3.0 Earth Magic


You had 3 spell levels left.
You knew the following spells:

 Your Spells              Type           Power      Damage    Failure   Level
a - Sandblast             Erth           22%        2d7       6%          1

Your spell library contained the following spells:

 Spells                   Type           Power      Damage    Failure   Level
 Passwall                 Tmut/Erth      5%         N/A       14%         2
 Stone Arrow              Conj/Erth      12%        3d7       32%         3
 Petrify                  Tmut/Erth      7%         N/A       67%         4


Dungeon Overview and Level Annotations

Branches:
Dungeon (1/15)

Altars:


Message History

Press: ? - help, Shift-Dir - straight line, f - gnoll
Aim: a gnoll, wielding a +0 club (84% to hit)
The blast of sand hits the gnoll.
The gnoll is moderately wounded.
Casting: Sandblast (safe; 6% risk of failure)
Confirm with . or Enter, or press ? or * to list all spells.
Aiming: Sandblast (safe; 6% risk of failure)
Press: ? - help, Shift-Dir - straight line, f/p - gnoll
Aim: a gnoll, wielding a +0 club (moderately wounded, 84% to hit)
The blast of sand misses the gnoll.
The gnoll barely misses you.
Casting: Sandblast (safe; 6% risk of failure)
Confirm with . or Enter, or press ? or * to list all spells.
You don't have enough magic to cast this spell.
The gnoll hits you with a +0 club. Magic courses through your body.
The gnoll hits you with a +0 club.
Casting: Sandblast (safe; 6% risk of failure)
Confirm with . or Enter, or press ? or * to list all spells.
Aiming: Sandblast (safe; 6% risk of failure)
Press: ? - help, Shift-Dir - straight line, f/p - gnoll
Aim: a gnoll, wielding a +0 club (moderately wounded, 84% to hit)
The blast of sand hits the gnoll.
The gnoll is severely wounded.
The gnoll hits you with a +0 club.
Casting: Sandblast (safe; 6% risk of failure)
Confirm with . or Enter, or press ? or * to list all spells.
Aiming: Sandblast (safe; 6% risk of failure)
Press: ? - help, Shift-Dir - straight line, f/p - gnoll
Aim: a gnoll, wielding a +0 club (severely wounded, 84% to hit)
The blast of sand hits the gnoll.
The gnoll is severely wounded.
The gnoll barely misses you. x2
Casting: Sandblast (safe; 6% risk of failure)
Confirm with . or Enter, or press ? or * to list all spells.
Aiming: Sandblast (safe; 6% risk of failure)
Press: ? - help, Shift-Dir - straight line, f/p - gnoll
Aim: a gnoll, wielding a +0 club (severely wounded, 84% to hit)
The blast of sand hits the gnoll but does no damage.
The gnoll is severely wounded.
The gnoll hits you with a +0 club.
You die...

...r #........###.....#
....##................#
#.....................#
#.....g...............#
#?.......###.........#
#.....r....#.........#
...........#.........#
...........#....†....#
...............g@(...#
..................#.##
.....#............# #
.....#..........#......
..####.................
#### ##'##...##.........
...###...#######........
.<.......# #.>......
...###...# ........


You could see a gnoll.

Vanquished Creatures
  An endoplasm (D:1)
  A quokka (D:1)
  A ball python (D:1)
  A kobold (D:1)
4 creatures vanquished.

Notes
Turn   | Place    | Note
-------+----------+-------------------------------------------
     0 | D:1      | Nacht the Demonspawn Earth Elementalist began the quest for
                  | the Orb.
     0 | D:1      | Reached XP level 1. HP: 13/13 MP: 3/3
    93 | D:1      | Reached skill level 3 in Earth Magic
    99 | D:1      | Slain by a gnoll

Illustrated notes

Levels and vault maps discovered:
D:1:      minmay_arrival_nine_rooms, layout_basic,
          hellmonk_ecumenical_altar_arch_garden

Skill      XL: |  1 |
---------------+----+-----
Earth Magic    | 3 |  3.0
Dodging        | |  1.7
Stealth        | |  1.7
Spellcasting   | |  2.0
Transmutations | |  0.8

Action                     || total
---------------------------++-------
  Melee: Unarmed           ||     2
   Cast: Sandblast         ||    10
    Use: Potion            ||     1
  Dodge: Dodged            ||     8

Table legend: (Time is in decaauts)
 A = Elapsed time spent in this place.
 B = Non-inter-level travel time spent in this place.
 C = Inter-level travel time spent in this place.
 D = Time resting spent in this place.
 E = Time spent auto-exploring this place.
 F = Levels seen in this place.
 G = Mean time per level.
                   A        B        C        D        E       F      G
               +--------+--------+--------+--------+--------+-----+--------+
         Total |    103 |    103 |      0 |      0 |     54 |   1 |  103.0 |
       Dungeon |    103 |    103 |      0 |      0 |     54 |   1 |  103.0 |
               +--------+--------+--------+--------+--------+-----+--------+

Top non-repeatable levels by time:
     D:1: 103 daAuts
